 Dungeon Crawl Stone Soup version 0.24.0-123-gd5b16e6ec5 (webtiles) character file.

Game seed: 4058852105996729006, levelgen mode: deterministic

2 Descartes the Grasshopper (level 1, -1/9 HPs)
             Began as a Felid Warper on Feb 5, 2020.
             Slain by a goblin
             ... wielding a +0 club
              (3 damage)
             ... on level 1 of the Dungeon.
             The game lasted 00:00:23 (26 turns).

Descartes the Grasshopper (Felid Warper)              Turns: 26, Time: 00:00:23

Health: -1/9       AC:  1    Str:  7    XL:     1   Next: 33%
Magic:  4/4        EV: 18    Int: 14    God:
Gold:   0          SH:  0    Dex: 15    Spells: 4/4 levels left
                                        Lives:  0   Deaths: 0

rFire    . . .     SeeInvis +     - Unarmed
rCold    . . .     Gourm    .   (shield unavailable)
rNeg     . . .     Faith    .   (armour unavailable)
rPois    .         Spirit   .   (helmet unavailable)
rElec    .         Reflect  .   (cloak unavailable)
rCorr    .         Harm     .   (gloves unavailable)
MR       .....                  (boots unavailable)
Stlth    ++........             (no amulet)
HPRegen  0.03/turn              (no ring)
MPRegen  0.09/turn              (no ring)

@: quick
A: very small, no armour, no weapons or thrown items, stealth, claws 1, fangs 3,
see invisible, carnivore, speed 1, shaggy fur 1, slow metabolism 1, sharp paws
a: no special abilities


You were on level 1 of the Dungeon.
You were not hungry.

You visited 1 branch of the dungeon, and saw 1 of its levels.

Inventory:

Scrolls
 b - 2 scrolls of blinking
Comestibles
 c - a ration


   Skills:
 - Level 2.0 Fighting
 - Level 3.2 Dodging
 + Level 1.3 Stealth
 - Level 2.0 Unarmed Combat
 - Level 2.0 Spellcasting
   Level 4.4 Translocations


You had 4 spell levels left.
You didn't know any spells.
Your spell library contained the following spells:

 Spells                   Type           Power        Failure   Level  Hunger
 Blink                    Tloc           N/A          6%          2    ###....
 Gell's Gravitas          Tloc           ##........   12%         3    ####...
 Lesser Beckoning         Tloc           ##........   12%         3    ####...
 Teleport Other           Tloc           ##......     12%         3    ####...
 Shroud of Golubria       Chrm/Tloc      #.....       14%         2    ###....
 Passage of Golubria      Tloc           N/A          36%         4    #####..


Dungeon Overview and Level Annotations

Branches:
Dungeon (1/15)

Altars:


Innate Abilities, Weirdness & Mutations

You cannot wear armour.
You are incapable of wielding weapons or throwing items.
Your paws allow you to move quietly. (Stealth)
You have sharp claws.
You have razor-sharp teeth.
You have supernaturally acute eyesight. (SInv)
You are carnivorous and can eat meat at any time.
You cover ground quickly.
You are covered in fur. (AC +1)
You have a slow metabolism.
Your sharp claws are effective at attacking unaware monsters.


Message History

You kill the bat!
You closely miss the goblin. The goblin misses you.
You completely miss the goblin. The goblin completely misses you.
You miss the goblin. You scratch the goblin.
The goblin is severely wounded.
The goblin misses you.
You closely miss the goblin.
The goblin is severely wounded.
The goblin barely misses you.
You closely miss the goblin. You bite the goblin.
You kill the goblin!
Your Stealth skill increases to level 1!
You closely miss the goblin. Your bite misses the goblin.
The goblin is moderately wounded.
The goblin misses you.
You scratch the goblin.
The goblin is severely wounded.
The goblin hits you with a +0 club.
You die...

##..........
##........... ..
............. ...
#........!..
...##....!>.....
................
.......w.........
#......!#..####
....!.....gg@.#
#.....##'''##.#
#.....#.....#.#
#.....#.....#.#
#.w...#..<..#.#
#....#.....#.#
#....#######..#
###. ........# ##
.........#


You could see a dart slug and 2 goblins.

Vanquished Creatures
  A goblin (D:1)
  2 bats (D:1)
3 creatures vanquished.

Notes
Turn   | Place    | Note
-------+----------+-------------------------------------------
     0 | D:1      | Descartes the Felid Warper began the quest for the Orb.
     0 | D:1      | Reached XP level 1. HP: 9/9 MP: 4/4
    24 | D:1      | Reached skill level 1 in Stealth
    26 | D:1      | Slain by a goblin

Levels and vault maps discovered:
D:1:      dpeg_arrival_windows_large_door, layout_rooms

Skill      XL: |  1 |
---------------+----+-----
Stealth        | 1 |  1.3
Fighting       | |  2.0
Dodging        | |  3.2
Unarmed Combat | |  2.0
Spellcasting   | |  2.0
Translocations | |  4.4

Action                   || total
-------------------------++-------
Melee: Unarmed           ||    14
       Bite              ||     3
Dodge: Dodged            ||    17
